 Dungeon Crawl Stone Soup version 0.28-a0-728-g0181a31188 (webtiles) character file.

Game seed: 2934358408555118975

124 Johnny the Slasher (level 5, -4/42 HPs)
             Began as a Human Berserker on Oct 28, 2021.
             Was a Believer of Trog.
             Slain by an orc priest (6 damage)
             ... on level 3 of the Dungeon.
             The game lasted 00:01:23 (2390 turns).

Johnny the Slasher (Human Berserker)                Turns: 2390, Time: 00:01:23

Health: -4/42      AC:  8    Str: 18    XL:     5   Next: 30%
Magic:  5/5        EV: 11    Int:  8    God:    Trog [**....]
Gold:   30         SH:  0    Dex: 12    Spells: 4/4 levels left

rFire   . . .      SeeInvis .   a - +0 falchion
rCold   . . .      Faith    .   (no shield)
rNeg    . . .      Spirit   .   f - +0 ring mail
rPois   .          Reflect  .   (no helmet)
rElec   .          Harm     .   (no cloak)
rCorr   .          Rampage  .   d - +2 pair of gloves
Will    .....                   (no boots)
Stlth   +.........              (no amulet)
HPRegen 0.14/turn               (no ring)
MPRegen 0.09/turn               (no ring)

@: no status effects
A: no striking features
a: Renounce Religion, Berserk, Trog's Hand


You were on level 3 of the Dungeon.
You worshipped Trog.
Trog was pleased with you.
You visited 1 branch of the dungeon, and saw 3 of its levels.

You collected 30 gold pieces.

Inventory:

Hand Weapons
 a - a +0 falchion (weapon)
Armour
 d - a +2 pair of gloves (worn)
 f - a +0 ring mail (worn)
Scrolls
 e - a scroll of holy word {unknown}
 g - 3 scrolls of enchant weapon {unknown}
Potions
 b - a potion of might {unknown}
 c - a potion of lignification {unknown}
 h - 2 potions of mutation {unknown}


   Skills:
 + Level 4.0 Fighting
 * Level 4.9 Long Blades
 - Level 2.0 Armour
 - Level 2.0 Dodging


You had 4 spell levels left.
You didn't know any spells.
Your spell library was empty.

Dungeon Overview and Level Annotations

Branches:
Dungeon (3/15)

Altars:
Ru


Message History

The orc priest hits you but does no damage.
You hit the orc priest.
You kill the orc priest!
Trog accepts your kill.
The orc priest mumbles some strange prayers to Beogh against you.
Pain shoots through your body!
Your Fighting skill increases to level 4!
You have reached level 5!
The orc priest barely misses you.
Things that are here:
a +0 falchion; a +0 leather armour You closely miss the orc priest.
The orc priest hits you with a +0 flail!
You closely miss the orc priest. The orc priest misses you.
You hit the orc priest.
The orc priest is lightly wounded.
The orc priest casts a cantrip, but nothing happens.
You hit the orc priest.
The orc priest is lightly wounded.
The orc priest hits you with a +0 flail.
Your ring mail prevents you from hitting the orc priest.
The orc priest is lightly wounded.
The orc priest mumbles some strange prayers to Beogh against you.
Beogh smites you!
You are too injured to fight recklessly!
You are too injured to fight recklessly!
You fail to use your ability.
The orc priest completely misses you.
You slash the orc priest!
The orc priest is almost dead.
The orc priest hits you with a +0 flail.
* * * LOW HITPOINT WARNING * * *
You barely miss the orc priest.
The orc priest is almost dead.
The orc priest closely misses you.
The orc priest hits you with a +0 flail!
* * * LOW HITPOINT WARNING * * *
You closely miss the orc priest.
The orc priest is almost dead.
The orc priest hits you with a +0 flail.
You die...

..#.#.#... ..
...#.#..#
..####..#.#..
#...##..#....
#.#.......#.##
#.........#..#
#.........#..#######
#..............?@o.#
....#..######)####.#
................ ..
..#.#..######.### ##
..#.#..# #.#
..#.#..# #..
..###..# ###
.......# ........


You could see an orc priest.

Vanquished Creatures
  An orc priest (D:3)
  4 adders (D:2)
  A worm (D:2)
  5 dart slugs
  2 orcs (D:3)
  7 ball pythons
  4 bats
  2 endoplasms
  4 goblins (D:1)
  2 hobgoblins
  A kobold (D:1)
  4 quokkas
  2 frilled lizards
  8 rats
47 creatures vanquished.

Notes
Turn   | Place    | Note
-------+----------+-------------------------------------------
     0 | D:1      | Johnny the Human Berserker began the quest for the Orb.
     0 | D:1      | Reached XP level 1. HP: 18/18 MP: 1/1
   255 | D:1      | Reached XP level 2. HP: 9/24 MP: 2/2
   489 | D:1      | You fall into a shaft and drop 1 floor!
   812 | D:2      | Reached XP level 3. HP: 26/29 MP: 3/3
  1230 | D:1      | Reached XP level 4. HP: 28/35 MP: 4/4
  1474 | D:1      | Reached ** piety under Trog
  1833 | D:2      | Found a sacrificial altar of Ru.
  2199 | D:2      | Found a faded altar of an unknown god.
  2381 | D:3      | Reached XP level 5. HP: 35/42 MP: 5/5
  2389 | D:3      | HP: 2/42 [orc priest (8)]
  2390 | D:3      | Slain by an orc priest

Illustrated notes

Levels and vault maps discovered:
D:1:      eino_arrival_cavern_a, layout_basic
D:2:      layout_loops_ring, dilly_ecumenical_altar_fadedgnrine, basic_altar,
          minmay_shallow_snake_nest
D:3:      layout_basic

Skill      XL: |  1  2  3  4 |
---------------+-------------+-----
Long Blades    | 4 |  4.9
Fighting       | 4 |  4.0
Armour         | |  2.0
Dodging        | |  2.0

Action                   |  1- 3 |  4- 6 || total
-------------------------+-------+-------++-------
Melee: Falchion          |    94 |    80 ||   174
Invok: Berserk           |     2 |       ||     2
 Stab: Sleeping          |     1 |       ||     1
Armor: Animal skin       |    13 |       ||    13
       Ring mail         |    25 |    32 ||    57
Dodge: Dodged            |    57 |    50 ||   107

Table legend: (Time is in decaauts)
 A = Elapsed time spent in this place.
 B = Non-inter-level travel time spent in this place.
 C = Inter-level travel time spent in this place.
 D = Time resting spent in this place.
 E = Time spent auto-exploring this place.
 F = Levels seen in this place.
 G = Mean time per level.
                   A        B        C        D        E       F      G
               +--------+--------+--------+--------+--------+-----+--------+
         Total |   2427 |   2373 |     54 |    406 |   1593 |   3 |  809.0 |
       Dungeon |   2427 |   2373 |     54 |    406 |   1593 |   3 |  809.0 |
               +--------+--------+--------+--------+--------+-----+--------+

Top non-repeatable levels by time:
     D:2: 1201 daAuts
     D:1: 1164 daAuts
     D:3: 60 daAuts
